 Dungeon Crawl Stone Soup version 0.27-a0-660-g90476cec82 (webtiles) character file.

Game seed: 5647887186142812140

67 jasper the Sneak (level 4, -14/34 HPs)
             Began as a Human Wanderer on Mar 16, 2021.
             Collided with a rock wall (16 damage)
             ... caused by a wretched star
             ... on level 1 of the Abyss.
             The game lasted 00:02:25 (2325 turns).

jasper the Sneak (Human Wanderer)                   Turns: 2325, Time: 00:02:25

Health: -14/34     AC:  6    Str: 12    XL:     4   Next: 40%
Magic:  4/4        EV: 10    Int: 12    God:
Gold:   74         SH:  0    Dex: 14    Spells: 3/3 levels left

rFire    . . .     SeeInvis .   a - +2 falchion
rCold    . . .     Faith    .   (no shield)
rNeg     . . .     Spirit   .   b - +0 ring mail
rPois    .         Reflect  .   (no helmet)
rElec    .         Harm     .   (no cloak)
rCorr    .         Rampage  .   (no gloves)
Will     .....                  k - +0 pair of boots
Stlth    ++........             (no amulet)
HPRegen  0.11/turn              (no ring)
MPRegen  0.09/turn              (no ring)

@: no status effects
A: no striking features
a: no special abilities


You were on level 1 of the Abyss.
You visited 1 branch of the dungeon, and saw 3 of its levels.
You visited the Abyss 1 time.

You collected 74 gold pieces.

Inventory:

Hand Weapons
 a - a +2 falchion (weapon)
 d - a +0 dagger
Missiles
 h - 59 stones (quivered)
 i - 34 sling bullets
Armour
 b - a +0 ring mail (worn)
 k - a +0 pair of boots (worn)
Jewellery
 f - a ring of wizardry
Scrolls
 g - 2 scrolls of magic mapping {unknown}
 l - a scroll of identify {unknown}
Potions
 e - 3 potions of curing {unknown}
 j - a potion of cancellation {unknown}


   Skills:
 + Level 2.5 Fighting
 * Level 2.5 Long Blades
 - Level 1.0 Axes
 + Level 2.6 Armour
 + Level 1.8 Dodging
 - Level 3.0 Stealth


You had 3 spell levels left.
You didn't know any spells.
Your spell library was empty.

Dungeon Overview and Level Annotations

Branches:
Dungeon (3/15)

Altars:

Annotations:
D:2 Sigmund


Message History

You take 4 damage, and have 30/34 hp.
The ufetubus hits you. The ufetubus completely misses you.
You take 2 damage, and have 28/34 hp.
A hellwing comes into view.
The ufetubus hits you. The ufetubus barely misses you.
The hellwing gives a chilling moan.
You take 2 damage, and have 26/34 hp.
The hellwing hits you. The hellwing barely misses you.
The ufetubus barely misses you. x2
You take 4 damage, and have 22/34 hp.
Okay, then.
The ufetubus barely misses you. x2
Found a runed dagger.
The ufetubus hits you but does no damage.
The ufetubus hits you.
You take 1 damage, and have 21/34 hp.
The ufetubus disappears in a puff of smoke!
You see here a +2 dagger of venom.
A white imp comes into view.
The hellwing swoops through the air toward you!
The hellwing hits you but does no damage.
The hellwing closely misses you. The hellwing closely misses you.
You riposte.
The white imp shouts, "Decamp, thou bawdy ditch-delivered clotpole!"
You hit the hellwing but do no damage. The hellwing hits you.
You take 2 damage, and have 20/34 hp.
The ufetubus disappears in a puff of smoke!
The ufetubus closely misses you.
You riposte.
You closely miss the ufetubus.
The ufetubus hits you but does no damage.
A wretched star comes into view.
The ufetubus hits you.
The ufetubus hits you but does no damage.
You take 3 damage, and have 17/34 hp.
An ice dragon zombie comes into view.
The wretched star glows turbulently.
The lance of force hits you!
* * * LOW HITPOINT WARNING * * *
You are knocked back by the lance of force.
You slam into the rock wall!
You die...

.###....#...#
#..#....#.#.
#..#.#.#..###
...........#
......#*...##
##.#..4.#.# #.....#.#.#
####.####.5####
#..@...#..#...####
.....##....###.#.#...###
.#. #.#>## ###....)ยง..
#.##.. #..###.... .#.
##.#...######. . .
..#.###...#. . . ..#5..
#. #.# .# ... #.## .##..
## # #..


You could see a wretched star and a hellwing.

Vanquished Creatures
  3 adders
  An ooze (D:2)
  A worm (D:3)
  A dart slug (D:1)
  A leopard gecko (D:3)
  A ball python (D:1)
  A giant cockroach (D:1)
  8 goblins
  2 hobgoblins
  A jackal (D:1)
  3 bats
  A frilled lizard (D:1)
  2 kobolds (D:1)
  5 rats
31 creatures vanquished.

Notes
Turn   | Place    | Note
-------+----------+-------------------------------------------
     0 | D:1      | jasper the Human Wanderer began the quest for the Orb.
     0 | D:1      | jasper set off with the following items: a +2 falchion, a
                  | +0 ring mail, a potion of lignification, a +0 dagger
     0 | D:1      | Reached XP level 1. HP: 16/16 MP: 1/1
   115 | D:1      | Reached XP level 2. HP: 22/22 MP: 2/2
  1024 | D:1      | Reached XP level 3. HP: 24/27 MP: 3/3
  1455 | D:2      | Noticed Sigmund
  1730 | D:3      | Reached XP level 4. HP: 27/34 MP: 4/4
  2185 | D:3      | Cast into level 1 of the Abyss (orc)
  2282 | Abyss:1  | Noticed a ynoxinul
  2306 | Abyss:1  | Noticed a hellwing
  2321 | Abyss:1  | Noticed a wretched star
  2325 | Abyss:1  | Collided with a rock wall

Illustrated notes

Levels and vault maps discovered:
D:1:      lightli_arrival_quake, layout_basic, st_stairs_3
D:2:      minmay_door_path, layout_basic, nicolae_overflow_crystal_walls,
          uniq_sigmund
D:3:      layout_loops_corners, lemuel_coloured_pillars_altar,
          minmay_misc_feat_hallway
Abyss:1:  base:
D:3

Skill      XL: |  1  2  3 |
---------------+----------+-----
Long Blades    | 2 |  2.5
Fighting       | |  2.5
Axes           | |  1.0
Armour         | |  2.6
Dodging        | |  1.8
Stealth        | |  3.0

Action                   |  1- 3 |  4- 6 || total
-------------------------+-------+-------++-------
Melee: Falchion          |    59 |    17 ||    76
Throw: Stone             |    40 |    10 ||    50
  Use: Potion            |     1 |     1 ||     2
 Stab: Sleeping          |     1 |       ||     1
Armor: Ring mail         |    15 |     7 ||    22
       Skin              |    16 |     2 ||    18
Dodge: Dodged            |    28 |    21 ||    49
       Rpst.: Falchion   |     9 |     3 ||    12

Table legend: (Time is in decaauts)
 A = Elapsed time spent in this place.
 B = Non-inter-level travel time spent in this place.
 C = Inter-level travel time spent in this place.
 D = Time resting spent in this place.
 E = Time spent auto-exploring this place.
 F = Levels seen in this place.
 G = Mean time per level.
                   A        B        C        D        E       F      G
               +--------+--------+--------+--------+--------+-----+--------+
         Total |   2345 |   2316 |     29 |    446 |   1572 |   4 |  586.2 |
       Dungeon |   2205 |   2176 |     29 |    353 |   1569 |   3 |  735.0 |
         Abyss |    139 |    139 |      0 |     93 |      3 |   1 |  139.0 |
               +--------+--------+--------+--------+--------+-----+--------+

Top non-repeatable levels by time:
     D:1: 1204 daAuts
     D:3: 727 daAuts
     D:2: 273 daAuts
 Abyss:1: 139 daAuts
